 Dungeon Crawl Stone Soup version 0.29-a0-414-g5075937ec3 (webtiles) character file.

Game seed: 9857968699563084180

207988 Pelinal the Acrobat (level 18, -2/156 HPs)
             Began as a Merfolk Ice Elementalist on May 16, 2022.
             Was an Elder of Ashenzari.
             Slain by a pharaoh ant (31 damage)
             ... while paralysed by a jorogumo
             ... on level 4 of the Spider Nest.
             The game lasted 01:42:57 (30161 turns).

Pelinal the Acrobat (Merfolk Ice Elementalist)     Turns: 30161, Time: 01:42:58

Health: -2/156     AC: 22    Str: 10    XL:     18   Next: 77%
Magic:  29/32      EV:  2    Int: 19    God:    Ashenzari [****..]
Gold:   626        SH:  0    Dex: 26    Spells: 23/37 levels left

rFire   + + .      SeeInvis +   r - +7 demon trident (venom)
rCold   . . .      Faith    .   B - +3 buckler {AC+3}
rNeg    + . .      Spirit   .   v - +4 troll leather armour of the Omniscient Sybil {Regen+, Fort, Self} (curse)
rPois   .          Reflect  .   T - +2 helmet of the Bound Levity {rF+ rN+ Regen+, Alch, Fort} (curse)
rElec   .          Harm     .   (no cloak)
rCorr   +          Rampage  .   k - +3 pair of gloves of the Stellar Scepticism {rF+, Alch, Evo} (curse)
Will    +....      Clarity  +   E - +1 pair of boots of the Sublime Prison {Melee, Fort} (curse)
Stlth   ++++++....              D - amulet of Ashenzari's Fallacy {RegenMP, Evo, Elem} (curse)
HPRegen 1.96/turn               w - ring of Xuar {rCorr Int+4}
MPRegen 0.63/turn               P - ring of Supernal Knowledge {Dex+6, Cun, Self} (curse)

@: paralysed, held
A: (nimble swimmer 2), mertail
}: 1/15 runes: decaying
a: Renounce Religion, Shatter the Chains


You were on level 4 of the Spider Nest.
You worshipped Ashenzari.
Ashenzari was greatly pleased with you.
You visited 6 branches of the dungeon, and saw 32 of its levels.
You also visited: Sewer, Bailey, Gauntlet and Ice Cave.

You collected 4100 gold pieces.
You spent 3474 gold pieces at shops.

Inventory:

Hand Weapons
 r - a +7 demon trident of venom (weapon)
Missiles
 G - a curare-tipped dart
 H - 6 atropa-tipped darts
 J - 43 poisoned darts (quivered)
Armour
 k - the cursed +3 pair of gloves of the Stellar Scepticism (worn) {rF+, Alch, Evo}
   (You bought it in a shop on level 2 of the Orcish Mines)

   rF:        It protects you from fire.
   It has a curse which improves the following skills: Alchemy: Poison Magic and
   Transmutations.
   Evocations: Evocations.
 n - a +2 leather armour of resistance
 v - the cursed +4 troll leather armour of the Omniscient Sybil (worn) {Regen+, Fort, Self}
   (You found it on level 10 of the Dungeon)

   Regen:     It increases your rate of health regeneration.
   It has a curse which improves the following skills: Fortitude: Armour and
   Shields.
   Introspection: Fighting and Spellcasting.
 B - a +3 buckler of protection (worn)
 E - the cursed +1 pair of boots of the Sublime Prison (worn) {Melee, Fort}
   (You found it on level 4 of the Dungeon)

   It has a curse which improves the following skills: Melee Combat: Short
   Blades, Long Blades, Axes, Maces & Flails, Polearms, Staves and Unarmed
   Combat.
   Fortitude: Armour and Shields.
 T - the cursed +2 helmet of the Bound Levity (worn) {rF+ rN+ Regen+, Alch, Fort}
   (You found it in a Gauntlet)

   rF:        It protects you from fire.
   rN:        It protects you from negative energy.
   Regen:     It increases your rate of health regeneration.
   It has a curse which improves the following skills: Alchemy: Poison Magic and
   Transmutations.
   Fortitude: Armour and Shields.
Jewellery
 w - the ring of Xuar (left hand) {rCorr Int+4}
   (You found it on level 14 of the Dungeon)

   [ring of resist corrosion]

   Int:       It affects your intelligence (+4).
   rCorr:     It protects you from acid and corrosion.
 A - the ring "Vuskipn" {Fly SInv Stlth+}
   (You found it on level 3 of the Dungeon)

   [ring of flight]

   SInv:      It lets you see invisible.
   Fly:       It grants you flight.
   Stlth:     It makes you more stealthy.
 D - the cursed amulet of Ashenzari's Fallacy (around neck) {RegenMP, Evo, Elem}
   (You bought it in a shop on level 14 of the Dungeon)

   [amulet of magic regeneration]

   It increases your rate of magic regeneration.
   It has a curse which improves the following skills: Evocations: Evocations.
   Elements:  Fire Magic, Ice Magic, Air Magic and Earth Magic.
 P - the cursed ring of Supernal Knowledge (right hand) {Dex+6, Cun, Self}
   (You found it on level 5 of the Lair of Beasts)

   [ring of dexterity]

   Dex:       It affects your dexterity (+6).
   It has a curse which improves the following skills: Cunning: Dodging and
   Stealth.
   Introspection: Fighting and Spellcasting.
 V - a ring of protection from fire
 Z - a ring of willpower
Wands
 g - a wand of iceblast (44)
 x - a wand of polymorph (15)
 y - a wand of paralysis (14)
 O - a wand of mindburst (14)
 Q - a wand of acid (11)
 U - a wand of flame (5)
 X - a wand of charming (6)
Scrolls
 a - 3 scrolls of brand weapon
 b - 4 scrolls of amnesia
 h - 5 scrolls of fog
 l - 7 scrolls of enchant armour
 m - 4 scrolls of poison
 p - a scroll of silence
 t - 3 scrolls of fear
 u - 8 scrolls of magic mapping
 z - 3 scrolls of blinking
 C - 9 scrolls of teleportation
 M - 3 scrolls of acquirement
 Y - 2 scrolls of vulnerability
Potions
 c - 5 potions of magic
 e - a potion of heal wounds
 i - 4 potions of might
 j - 3 potions of brilliance
 s - 10 potions of curing
 K - 2 potions of ambrosia
 L - a potion of berserk rage
 N - 2 potions of resistance
 S - 2 potions of mutation
 W - 2 potions of flight
Miscellaneous
 d - a box of beasts (inert)
 f - a lightning rod (4/4)
 o - a tin of tremorstones (2/2)
 I - a phial of floods
 R - a phantom mirror


   Skills:
 - Level 15.1(17.9) Fighting
 - Level 21.0(22.6) Polearms
 - Level 6.0 Throwing
 - Level 3.4(6.7) Armour
 - Level 22.8(24.4) Dodging
 - Level 10.9(12.8) Stealth
 - Level 9.2(13.1) Shields
 - Level 7.2(10.2) Spellcasting
 + Level 2.4 Conjurations
 - Level 6.0 Translocations
 * Level 6.0(9.0) Transmutations
 - Level 13.1(15.0) Ice Magic
 - Level 9.1(12.1) Evocations


You had 23 spell levels left.
You knew the following spells:

 Your Spells              Type           Power      Damage    Failure   Level
a - Freeze                Ice            100%       1d11      1%          1
b - Frozen Ramparts       Ice            100%       1d12      1%          3
c - Ozocubu's Armour      Ice            61%        N/A       1%          3
d - Blink                 Tloc           64%        N/A       1%          2
i - Irradiate             Conj/Tmut      15%        3d18      28%         5

Your spell library contained the following spells:

 Spells                   Type           Power      Damage    Failure   Level
 Ensorcelled Hibernation  Hex/Ice        76%        N/A       1%          2
 Ice Form                 Ice/Tmut       53%        N/A       1%          4
 Lesser Beckoning         Tloc           32%        N/A       2%          3
 Hailstorm                Conj/Ice       42%        3d10      3%          4
 Magic Dart               Conj           76%        1d6       4%          1
 Spider Form              Tmut/Pois      27%        N/A       4%          3
 Shock                    Conj/Air       56%        1d6       6%          1
 Searing Ray              Conj           38%        2d5       6%          2
 Ignite Poison            Fire/Tmut/Pois 21%        N/A       9%          3
 Metabolic Englaciation   Hex/Ice        19%        N/A       14%         5
 Petrify                  Tmut/Erth      27%        N/A       16%         4
 Sublimation of Blood     Necr           9%         N/A       17%         2
 Conjure Flame            Conj/Fire      14%        6-21      19%         3
 Ozocubu's Refrigeration  Ice            30%        4d11      21%         7
 Mephitic Cloud           Conj/Pois/Air  13%        N/A       22%         3
 Manifold Assault         Tloc           32%        N/A       26%         5
 Swiftness                Air            10%        N/A       30%         3
 Fulminant Prism          Conj/Hex       7%         3d7       54%         4
 Sticky Flame             Conj/Fire      14%        2d4       54%         4
 Simulacrum               Ice/Necr       19%        N/A       61%         6
 Airstrike                Air            5%         N/A       69%         4
 Summon Lightning Spire   Summ/Air       10%        N/A       71%         4
 Anguish                  Hex/Necr       4%         N/A       73%         4
 Cause Fear               Hex            4%         N/A       73%         4
 Fireball                 Conj/Fire      7%         3d5       87%         5
 Dragon Form              Tmut           22%        N/A       92%         7
 Starburst                Conj/Fire      7%         6d4       100%        6
 Storm Form               Tmut/Air       13%        N/A       100%        7
 Ignition                 Fire           5%         3d4       100%        8
 Maxwell's Capacitive Co  Air            5%         ∞         100%        8
 Chain Lightning          Conj/Air       7%         3d9       100%        9
 Dragon's Call            Summ           4%         N/A       100%        9


Dungeon Overview and Level Annotations

Branches:
Dungeon (15/15)            Temple (1/1) D:4            Lair (6/6) D:11
  Swamp (4/4) Lair:4       Spider (4/4) Lair:4        Slime (0/5) Lair:5
    Orc (2/2) D:12            Elf (0/3) Orc:2        Vaults (0/5) D:13
 Depths (0/4) D:15          Sewer (visited)          Bailey (visited)
  IceCv (visited)         Gauntlet (visited)

Altars:
Ashenzari
Cheibriados
Dithmenos
Elyvilon
Fedhas
Gozag
Hepliaklqana
Kikubaaqudgha
Makhleb
Nemelex Xobeh
Okawaru
Qazlal
Ru
Sif Muna
Trog
Uskayaw
Vehumet
Wu Jian
Xom
Yredelemnul
Zin
The Shining One

Shops:
D:9 :   D:14 =((?*[   D:15 *   Orc:1 *   Orc:2 *[((

Annotations:
Lair:6 exclusions: 3 doors and obsidian statue
Swamp:2 2 transporters


Innate Abilities, Weirdness & Mutations

((You are very nimble when in or above water. (Stealth+, EV+, Speed+++)))
Your lower body shifts to a powerful aquatic tail in water.


Message History

The culicivora bites you!
The culicivora draws strength from your injuries!
The culicivora bites you but does no damage.
The jumping spider leaps!
The moth of wrath goads the culicivora on!
The culicivora goes berserk!
The jorogumo hits you but does no damage.
The culicivora bites you!
The culicivora draws strength from your injuries!
A wolf spider comes into view.
The redback bites you but does no damage.
The jumping spider pounces on you but does no damage.
The jumping spider bites you but does no damage.
The culicivora bites you!
The culicivora draws strength from your injuries!
The jumping spider leaps!
The moth of wrath goads the jumping spider on!
The jumping spider goes berserk!
You feel stable enough to blink again.
You kill the moth of wrath!
The jumping spider pounces on you but does no damage.
The jumping spider completely misses you.
The culicivora bites you.
The culicivora draws strength from your injuries!
The redback completely misses you. The culicivora completely misses you.
The jumping spider pounces on you. The jumping spider bites you.
The jorogumo stares at you and mumbles some strange words.
The stream of webbing hits you but does no damage.
You are caught in a web!
The culicivora bites you!!
* * * LOW HITPOINT WARNING * * *
The culicivora draws strength from your injuries!
The redback bites you!
* * * LOW HITPOINT WARNING * * *
The jumping spider pounces on you but does no damage.
The jumping spider bites you but does no damage.
The culicivora bites you.
* * * LOW HITPOINT WARNING * * *
The culicivora draws strength from your injuries!
The pharaoh ant bites you!!
You die...

,
...^......#.#!y{*#..
, ,.^......###.#!
#..^, ,
.....#...#..##*#....^
* * ..
.........##....# * ,
* s
.^#°#.#.#.##...##* ,
* *..
.....^..s#....#. ,, ,
. .^#[.ss†.'...... ,
#...#.BsH..'...... ,
, .....ss@ss.'ss....
,,, ,
**...#..#ss..#....#.
, * ,
#....s#s##..^##*, ,
*^ ,
*.........##,..s# , *
, ...#..#...##
#....^^,*, ,,
...^#^....#{{ #... ,
, , ^#,#.....#.# {
*#.., , * ........#*
,, ,, ,** ,,
.^..#.#..** , ,


You could see a jorogumo, 2 demonic crawlers, 2 wolf spiders, an orb spider, 4
culicivoras, a pharaoh ant, 2 jumping spiders, 2 tarantellas and a redback
(berserk).

Vanquished Creatures
  Nikola (Swamp:2)
  Arachne (Spider:3)
  A tentacled monstrosity (Swamp:2)
  Rupert (D:12)
  Jorgrun (D:12)
  A sphinx (D:14)
  6 thorn hunters
  A tengu reaver (D:13)
  Kirke (Swamp:2)
  Donald (Spider:1)
  2 emperor scorpions
  Louise (Swamp:3)
  Aizul (Swamp:3)
  3 ghost moths
  2 ghouls (Swamp:1)
  2 broodmothers
  A very ugly thing (IceCv)
  2 eleionomae
  4 entropy weavers
  A bunyip (Swamp:4)
  A dire elephant (Lair:6)
  A minotaur (Gauntlet)
  2 spark wasps
  Snorg (Lair:4)
  2 fire dragons
  An ettin (D:13)
  Harold (Lair:2)
  A vault guard (D:13)
  6 boulder beetles
  3 ghost crabs
  24 hydras
  Erica (Lair:1)
  A jorogumo (Spider:1)
  A caustic shrike simulacrum (IceCv)
  A spriggan air mage (Swamp:1)
  3 radroaches
  A death knight (D:13)
  6 centaur warriors
  7 alligators
  A catoblepas (D:14)
  3 death yaks (Lair:6)
  2 ogre magi (Orc:2)
  2 tengu warriors
  13 two-headed ogres
  14 spriggans
  3 spriggan druids
  3 goliath frogs
  A shadow wraith (D:13)
  5 skeletal warriors
  5 orb spiders
  3 deep trolls
  7 pharaoh ants
  Pikel (D:8)
  6 steelbarb worms
  4 wizards
  9 swamp dragons
  A lindwurm (Lair:6)
  10 bog bodies
  An oklob plant (Lair:4)
  8 wolf spiders
  2 orc sorcerers
  2 orc knights
  8 ugly things
  5 deep elf pyromancers
  4 manticores
  2 moths of wrath
  11 cyclopes
  2 will-o-the-wisps
  8 elephants (Lair:6)
  A moth of wrath (shapeshifter) (D:13)
  A dire elephant zombie (Lair:6)
  6 black mambas
  A gargoyle (D:12)
  11 cane toads
  7 demonic crawlers
  11 komodo dragons
  An unseen horror (D:11)
  3 rime drakes
  An unseen horror (shapeshifter) (Gauntlet)
  3 kobold demonologists (D:11)
  A minotaur zombie (Gauntlet)
  2 torpor snails
  A rime drake (shapeshifter) (Gauntlet)
  A freezing wraith (D:13)
  2 tengu conjurers
  2 polar bears (Lair:6)
  An anaconda simulacrum (IceCv)
  A merfolk (shapeshifter) (D:15)
  2 bloated husks
  13 trolls
  14 hornets
  17 tarantellas
  17 slime creatures
  A meliai (Lair:4)
  8 tyrant leeches
  4 blink frogs (Lair:1)
  A snapping turtle (shapeshifter) (D:13)
  24 jumping spiders
  19 dream sheep
  17 culicivoras
  A water elemental (D:15)
  A jumping spider (shapeshifter) (D:13)
  A dire elephant simulacrum (IceCv)
  2 shadows (D:12)
  A wyvern (Lair:2)
  A vampire (D:12)
  7 basilisks
  58 yaks
  A hog (Swamp:2)
  4 wraiths
  A death yak simulacrum (Lair:6)
  12 vampire mosquitoes
  A spectral cane toad (Lair:6)
  Edmund (D:5)
  A warg (shapeshifter) (Gauntlet)
  45 redbacks
  An acid dragon (shapeshifter) (Gauntlet)
  3 wargs
  3 harpy simulacra (IceCv)
  19 swamp worms
  17 water moccasins
  An acid dragon (D:10)
  15 orc warriors
  An ice beast (D:6)
  12 swamp drakes
  A sky beast (D:6)
  2 black bears (D:11)
  24 ogres
  3 centaurs
  15 wolves
  An elephant skeleton (Lair:6)
  A lemure (D:8)
  A phantom (D:12)
  5 kobold brigands
  20 bullfrogs
  2 necrophages
  5 scorpions
  A cane toad simulacrum (Lair:6)
  11 gnoll sergeants
  7 killer bees (Lair:4)
  A lindwurm simulacrum (IceCv)
  4 howler monkeys
  7 electric eels
  2 hounds (Bailey)
  A jelly (D:7)
  7 gnoll shamans (Bailey)
  12 orc priests
  2 iguanas
  Terence (D:3)
  17 orc wizards
  6 ogre zombies (D:12)
  8 adders
  27 gnolls
  A river rat (D:3)
  A shadow imp (Gauntlet)
  4 white imps
  2 ufetubi
  A worm (D:4)
  5 dart slugs
  69 orcs
  4 bats
  6 endoplasms
  11 giant cockroaches
  10 goblins
  9 hobgoblins
  4 jackals
  7 quokkas
  13 ball pythons
  13 frilled lizards
  3 goblin skeletons (D:12)
  2 goblin zombies (D:12)
  3 hobgoblin skeletons (D:12)
  A hobgoblin zombie (D:12)
  34 kobolds
  5 orc skeletons (D:12)
  5 orc zombies (D:12)
  5 rats
  4 briar patches
  2 bushes (D:2)
1066 creatures vanquished.

Vanquished Creatures (collateral kills)
  A hydra (Swamp:1)
  A spriggan (Swamp:1)
  A lindwurm simulacrum (IceCv)
3 creatures vanquished.

Vanquished Creatures (others)
  A spriggan druid (Swamp:2)
  3 bloated husks
  A jumping spider (Spider:1)
  A spriggan (Swamp:1)
  A hog (Swamp:2)
  An iguana (D:4)
  2 adders (D:4)
  A goblin (D:4)
  2 hobgoblins (D:4)
  A jackal (D:4)
  7 briar patches
  57 fungi
  71 plants
  18 withered plants
167 creatures vanquished.

Grand Total: 1236 creatures vanquished

Notes
Turn   | Place    | Note
-------+----------+-------------------------------------------
     0 | D:1      | Pelinal the Merfolk Ice Elementalist began the quest for
                  | the Orb.
     0 | D:1      | Reached XP level 1. HP: 13/13 MP: 3/3
   126 | D:1      | Reached skill level 3 in Dodging
   126 | D:1      | Reached XP level 2. HP: 7/19 MP: 0/5
   891 | D:1      | Reached skill level 5 in Ice Magic
   903 | D:1      | Reached XP level 3. HP: 24/24 MP: 6/6
  1028 | D:1      | Learned a level 3 spell: Frozen Ramparts
  1911 | D:2      | Found a faded altar of an unknown god.
  2180 | D:3      | Noticed Terence
  2189 | D:3      | Killed Terence
  2190 | D:3      | Reached XP level 4. HP: 30/30 MP: 3/7
  2226 | D:3      | Noticed Sigmund
  2243 | D:3      | Noticed Sigmund
  2243 | D:3      | Sigmund changed into Sigmund the river rat
  2249 | D:3      | Killed Sigmund the river rat
  2335 | D:3      | Reached XP level 5. HP: 33/35 MP: 4/8
  2772 | D:3      | Found a bloodstained altar of Trog.
  2817 | D:3      | Identified the ring "Vuskipn" {Fly SInv Stlth+}
  2935 | D:3      | Identified the +10 spear of Judgement {drain, rElec}
  3205 | D:4      | Found a burning altar of Makhleb.
  3205 | D:4      | Found a shimmering altar of Xom.
  3348 | D:4      | Found a shimmering blue altar of Sif Muna.
  3409 | D:4      | Reached XP level 6. HP: 31/41 MP: 9/9
  3526 | D:4      | Found a staircase to the Ecumenical Temple.
  4042 | Temple   | Entered the Ecumenical Temple
  4157 | Temple   | Became a worshipper of Ashenzari the Shackled
  4363 | D:4      | Found a basalt altar of Yredelemnul.
  4438 | D:5      | Entered Level 5 of the Dungeon
  4445 | D:5      | Reached XP level 7. HP: 36/46 MP: 6/10
  4449 | D:5      | Learned a level 3 spell: Ozocubu's Armour
  4531 | D:5      | Reached skill level 5 in Stealth
  4710 | D:5      | Found a glowing drain.
  4719 | Sewer    | Entered a sewer
  4857 | Sewer    | Reached XP level 8. HP: 30/52 MP: 0/11
  5265 | D:5      | Noticed Edmund
  5282 | D:5      | Killed Edmund
  5283 | D:5      | Reached skill level 1 in Throwing
  5292 | D:5      | Got the Guide on Gliding Attacks
  5840 | D:6      | Found a hide-covered altar of Uskayaw.
  6096 | D:6      | Found a white marble altar of Elyvilon.
  6159 | D:6      | Noticed a komodo dragon
  6174 | D:6      | Killed a komodo dragon
  6175 | D:6      | Reached skill level 1 in Polearms
  6175 | D:6      | Reached XP level 9. HP: 26/57 MP: 6/12
  6630 | D:6      | Found a radiant altar of Vehumet.
  6783 | D:6      | Identified the +8 trident "Kich" {spect, rElec rC- Str-5
                  | Dex+5}
  7079 | D:7      | Reached skill level 4 in Dodging
  7174 | D:7      | Found an ornate altar of the Wu Jian Council.
  7387 | D:7      | Reached * piety under Ashenzari
  7387 | D:7      | Identified a scroll of acquirement
  7427 | D:7      | Reached skill level 5 in Dodging
  7511 | D:7      | Found a hazy altar of Hepliaklqana.
  7868 | D:7      | Reached skill level 5 in Polearms
  7868 | D:7      | Reached skill level 6 in Dodging
  7951 | D:7      | Reached ** piety under Ashenzari
  7983 | D:7      | Found a glowing golden altar of the Shining One.
  8102 | D:8      | Found an ancient bone altar of Kikubaaqudgha.
  8157 | D:8      | Reached skill level 1 in Shields
  8298 | D:8      | Noticed a two-headed ogre
  8319 | D:8      | Killed a two-headed ogre
  8320 | D:8      | Reached skill level 7 in Dodging
  8320 | D:8      | Reached XP level 10. HP: 31/63 MP: 4/14
  8478 | D:8      | Identified the +1 ring mail of Bedevilment {+Blink rN+
                  | Will+ Str-4}
  8704 | D:8      | Noticed Pikel
  8717 | D:8      | Killed Pikel
  8718 | D:8      | Reached skill level 8 in Dodging
  9256 | D:9      | Found a flagged portal.
  9276 | Bailey   | Entered a bailey
  9339 | Bailey   | Reached skill level 9 in Dodging
  9517 | Bailey   | Reached skill level 5 in Shields
  9675 | Bailey   | Identified the amulet of Zupapt {Spirit Fly}
  9846 | D:9      | Found a snail-covered altar of Cheibriados.
 10151 | D:9      | Found Bychao's Self-Improvement Boutique.
 10256 | D:9      | Acquired 746 gold pieces
 10260 | D:9      | Bought a manual of Polearms for 960 gold pieces
 10460 | D:10     | Entered Level 10 of the Dungeon
 10465 | D:10     | Reached *** piety under Ashenzari
 10472 | D:10     | Noticed a skeletal warrior
 10472 | D:10     | Noticed a skeletal warrior
 10474 | D:10     | Noticed a skeletal warrior
 10567 | D:10     | Noticed Urug
 10573 | D:10     | Noticed Urug
 10573 | D:10     | Urug changed into Urug the wolf
 10575 | D:10     | Killed Urug the wolf
 10576 | D:10     | Reached skill level 10 in Dodging
 10576 | D:10     | Reached XP level 11. HP: 68/68 MP: 17/17
 10709 | D:10     | Noticed a skeletal warrior
 10727 | D:10     | Killed a skeletal warrior
 10728 | D:10     | Reached skill level 10 in Polearms
 10820 | D:10     | Killed a skeletal warrior
 10825 | D:10     | Killed a skeletal warrior
 10966 | D:10     | Killed a skeletal warrior
 10967 | D:10     | Reached skill level 11 in Dodging
 11328 | D:10     | Reached skill level 12 in Dodging
 11707 | D:11     | Noticed a sun demon
 11859 | D:11     | Reached XP level 12. HP: 70/74 MP: 9/15
 11996 | D:11     | Reached skill level 15 in Polearms
 11999 | D:11     | Noticed a boulder beetle
 12024 | D:11     | Killed a boulder beetle
 12134 | D:11     | Found a staircase to the Lair.
 12272 | D:11     | Noticed a two-headed ogre
 12284 | D:11     | Killed a two-headed ogre
 12363 | Lair:1   | Entered Level 1 of the Lair of Beasts
 12608 | Lair:1   | Noticed Erica
 12622 | Lair:1   | Killed Erica
 13619 | Lair:2   | Reached XP level 13. HP: 76/79 MP: 9/16
 13621 | Lair:2   | Reached skill level 1 in Armour
 13758 | D:9      | Bought a manual of Fighting for 960 gold pieces
 13915 | Lair:2   | Reached skill level 1 in Fighting
 13916 | Lair:2   | Noticed Harold
 13948 | Lair:2   | Killed Harold
 13949 | Lair:2   | Reached skill level 5 in Fighting
 14846 | Lair:3   | Reached skill level 10 in Fighting
 15233 | Lair:4   | Reached **** piety under Ashenzari
 15293 | Lair:4   | Noticed Snorg
 15325 | Lair:4   | Killed Snorg
 15389 | Lair:4   | Found a staircase to the Swamp.
 15534 | Lair:4   | Found a hole to the Spider Nest.
 15549 | Lair:4   | Found a broken altar of Ashenzari.
 15973 | Lair:5   | Found a staircase to the Slime Pits.
 16613 | Lair:6   | Entered Level 6 of the Lair of Beasts
 16646 | Lair:6   | Reached skill level 15 in Fighting
 16653 | Lair:6   | Identified the cursed +1 pair of boots of the Sublime
                  | Prison {Melee, Fort} (You found it on level 4 of the
                  | Dungeon)
 16674 | Lair:6   | Reached XP level 14. HP: 123/129 MP: 10/20
 16752 | Lair:6   | Reached skill level 13 in Dodging
 16897 | Lair:6   | Found a gate leading to a gauntlet.
 16915 | Gauntlet | Entered a Gauntlet
 16915 | Gauntlet | Found a transporter.
 16924 | Gauntlet | Found a transporter.
 16936 | Gauntlet | Found a runed translucent door.
 16938 | Gauntlet | Found a transporter.
 16941 | Gauntlet | Found a transporter.
 16943 | Gauntlet | Noticed a quicksilver ooze
 16983 | Gauntlet | Found a transporter.
 16985 | Gauntlet | Identified the amulet "Emejef" {Acrobat Harm Int-5 SInv}
 16988 | Gauntlet | Found a transporter.
 16988 | Gauntlet | Identified the ring "Efeor" {Ice rPois rN++ Str-5 Int-2}
 16989 | Gauntlet | Found a transporter.
 16990 | Gauntlet | Identified the +12 scimitar "Tauc" {vorpal, *Corrode MP+9
                  | Str+2}
 16996 | Gauntlet | Found a transporter.
 16996 | Gauntlet | Found a transporter.
 16999 | Gauntlet | Found a transporter.
 16999 | Gauntlet | Identified the +2 helmet "Dasism" {rF+ rN+ Regen+}
 17034 | Gauntlet | Reached skill level 1 in Evocations
 17109 | Gauntlet | Found a transporter.
 17109 | Gauntlet | Identified the ring of Eluagi {rF++ MP+9 Str+2 Dex-2}
 17156 | Gauntlet | Identified the +5 scimitar "Oskyf" {spect, rN+ Str+3 Dex+2}
 17548 | Lair:6   | Noticed a dire elephant
 17582 | Lair:6   | Noticed a dire elephant
 17582 | Lair:6   | Noticed a dire elephant
 17598 | Lair:6   | Killed a dire elephant
 17599 | Lair:6   | Reached skill level 5 in Evocations
 17629 | Lair:6   | Noticed a dire elephant
 17630 | Lair:6   | Noticed a dire elephant
 18206 | D:12     | Found a staircase to the Orcish Mines.
 18214 | D:12     | Identified the +4 whip of Qaaricw {flame, rCorr Str+4 SInv
                  | Stlth-}
 18276 | Orc:1    | Entered Level 1 of the Orcish Mines
 18343 | Orc:1    | Found Zesoul's Overcharged Wands.
 18787 | Orc:2    | Entered Level 2 of the Orcish Mines
 18900 | Orc:2    | Found a staircase to the Elven Halls.
 18926 | Orc:2    | Found Murud's Assorted Antiques.
 19052 | Orc:2    | Reached XP level 15. HP: 136/136 MP: 15/21
 19060 | Orc:2    | Reached skill level 10 in Stealth
 19137 | Orc:2    | Found Ner Ryemn's Weapon Emporium.
 19159 | Orc:2    | Found Irecoj's Antique Weapon Boutique.
 19191 | Orc:2    | Found Yggonec's Antique Armour Shoppe.
 19199 | Orc:2    | Bought a pair of twisted gloves for 237 gold pieces
 19199 | Orc:2    | Identified the +3 pair of gloves of Ishil {rF+} (You bought
                  | it in a shop on level 2 of the Orcish Mines)
 19521 | Orc:2    | Learned a level 2 spell: Blink
 19788 | D:12     | Noticed Jorgrun
 19801 | D:12     | Killed Jorgrun
 19802 | D:12     | Reached skill level 1 in Translocations
 19862 | D:12     | Noticed Rupert
 19902 | D:12     | Killed Rupert
 20638 | D:13     | Reached skill level 5 in Spellcasting
 20950 | D:13     | Found a gate to the Vaults.
 21063 | D:13     | Noticed a tengu reaver
 21075 | D:13     | Reached skill level 5 in Translocations
 21085 | D:13     | Killed a tengu reaver
 21408 | D:14     | Found Tetour's Assorted Antiques.
 21419 | D:14     | Reached XP level 16. HP: 141/141 MP: 29/29
 21422 | D:14     | Bought a dented jasper amulet for 110 gold pieces
 21433 | D:14     | Found Mainkuci's Antique Armour Shop.
 21446 | D:14     | Bought a warped leather armour for 147 gold pieces
 21446 | D:14     | Identified the +0 leather armour of Exclusion {rC+ rN+
                  | Regen+ Stlth+} (You bought it in a shop on level 14 of the
                  | Dungeon)
 21552 | D:14     | Found Hawka's Jewellery Boutique.
 21556 | D:14     | Found Bawk's Antique Weapon Emporium.
 21681 | D:14     | Found Urghu's Magic Scroll Shoppe.
 22064 | D:14     | Identified the ring of Xuar {rCorr Int+4}
 22069 | D:14     | Noticed a sphinx
 22080 | D:14     | Killed a sphinx
 22200 | D:14     | Found a broken altar of Ashenzari.
 22221 | D:14     | Reached skill level 10 in Ice Magic
 22348 | D:14     | Found Uzyamat's Antique Weapon Shop.
 22507 | D:15     | Entered Level 15 of the Dungeon
 22679 | D:15     | Found a shadowy altar of Dithmenos.
 22912 | D:15     | Found Rech's General Store.
 22920 | D:15     | Bought a tin of tremorstones (2/2) for 640 gold pieces
 23148 | D:15     | Found a staircase to the Depths.
 23351 | Swamp:1  | Entered Level 1 of the Swamp
 23622 | Swamp:1  | Noticed a thorn hunter
 23644 | Swamp:1  | Killed a thorn hunter
 24058 | Swamp:2  | Reached skill level 14 in Dodging
 24248 | Swamp:2  | Noticed a tentacled monstrosity
 24274 | Swamp:2  | Killed a tentacled monstrosity
 24339 | Swamp:2  | Noticed Nikola
 24359 | Swamp:2  | Killed Nikola
 24415 | Swamp:2  | Identified the +0 hat "Tadaomud" {Slay+3}
 24416 | Swamp:2  | Found a transporter.
 24416 | Swamp:2  | Identified the ring "Odwul" {Wiz Fly Dex+4}
 24484 | Swamp:2  | Reached skill level 15 in Dodging
 24484 | Swamp:2  | Reached XP level 17. HP: 143/149 MP: 28/31
 24528 | Swamp:2  | Noticed Kirke
 24544 | Swamp:2  | Killed Kirke
 24675 | Swamp:2  | Found a transporter.
 24906 | Swamp:3  | Noticed Aizul
 24913 | Swamp:3  | Reached skill level 16 in Dodging
 24928 | Swamp:3  | Killed Aizul
 24955 | Swamp:3  | Noticed Louise
 24981 | Swamp:3  | Killed Louise
 25167 | Swamp:3  | Reached skill level 17 in Dodging
 25474 | Swamp:4  | Entered Level 4 of the Swamp
 25608 | Swamp:4  | Identified the +7 flail "Puonag" {venom, rC+ rCorr Dex+3}
 25658 | Swamp:4  | Reached skill level 18 in Dodging
 25819 | Swamp:4  | Reached skill level 19 in Dodging
 25849 | Swamp:4  | Got a decaying rune of Zot
 26456 | Spider:1 | Entered Level 1 of the Spider Nest
 26555 | Spider:1 | Reached skill level 20 in Dodging
 26834 | Spider:1 | Reached XP level 18. HP: 156/156 MP: 32/32
 27166 | D:14     | Bought an amulet of magic regeneration for 420 gold pieces
 27427 | Spider:1 | Noticed Donald
 27438 | Spider:1 | Killed Donald
 27774 | Spider:2 | Reached skill level 21 in Dodging
 28094 | Spider:2 | Reached skill level 22 in Dodging
 28728 | Spider:3 | Noticed Arachne
 28755 | Spider:3 | Killed Arachne
 29321 | Spider:3 | Learned a level 5 spell: Irradiate
 29339 | Spider:3 | Reached skill level 1 in Transmutations
 29416 | Spider:3 | Identified the +6 scale mail of Objectivity {+Inv rC+
                  | Will+}
 29474 | Spider:3 | Reached skill level 1 in Conjurations
 29476 | Spider:3 | Identified the +4 falchion of Yredelemnul {pain, rC+ rN+
                  | Dex-2}
 29814 | Spider:4 | Entered Level 4 of the Spider Nest
 29847 | Spider:4 | Reached skill level 5 in Transmutations
 29865 | Spider:4 | Found a frozen archway.
 29874 | IceCv    | Entered an ice cave
 29919 | IceCv    | Found a transporter.
 30091 | IceCv    | Found a transporter.
 30159 | Spider:4 | Paralysed by a jorogumo for 2 turns
 30161 | Spider:4 | Slain by a pharaoh ant

Illustrated notes

Levels and vault maps discovered:
D:1:      dpeg_arrival_houses_and_road, layout_loops_cross, serial_glass,
          glass_columns_c, glass_columns_a, minmay_strange_pillars,
          feat_on_display, item_on_display_a
D:2:      minmay_recursive_quarters, layout_basic,
          shapermc_ecumenical_altar_flowoftime, minmay_hedge_maze
D:3:      layout_loops_ring, trog_book, uniq_terence, uniq_sigmund
D:4:      corexii_shack_village, layout_loops_cross, mainiacjoe_overflow_paths,
          xom_confusion_cloud, overflow_temple_1_default,
          mainiacjoe_overflow_tiny_flanked, minmay_temple_entry_glass
D:5:      layout_cave_pools, cheibrodos_sewer_entry_sluice, minivault_24,
          uniq_edmund
D:6:      layout_loops_ring, nicolae_uskayaw_murder_on_the_dancefloor,
          fiery_altar_vehumet, elyvilon_altar_4
D:7:      layout_basic, kennysheep_mini, nzn_wu_jian_council_hall,
          nicolae_hepliaklqana_hazy_memory
D:8:      layout_loops_ring, kiku_gazebo_garden_becter, uniq_pikel
D:9:      layout_loops_ring, cheibriados_altar_1, enter_bailey_3,
          nicolae_shop_self_help
D:10:     layout_basic, hangedman_decor_lopped, uniq_urug
D:11:     layout_rooms, due_lair_maze_entry_diamond
D:12:     layout_cave_pools, zombieorc1_lemuel, uniq_rupert, uniq_jorgrun
D:13:     minmay_two_paths, layout_cave_pools, david_vaults_4
D:14:     nzn_winding_woodlands_stair_cross [nzn_winding_woodlands_5x15_default,
          nzn_winding_woodlands_center_diamonds,
          nzn_winding_woodlands_5x15_zeroes, nzn_winding_woodlands_hourglass,
          nzn_winding_woodlands_5x5_cross, nzn_winding_woodlands_5x15_jagged,
          nzn_winding_woodlands_center_triple_pond,
          nzn_winding_woodlands_5x15_split_checker], layout_irregular_city,
          serial_shops, shop, kennysheep_little_box, nicolae_shop_waterfront,
          nicolae_shop_advertising_works [nicolae_subvault_shop_adworks],
          cheibrodos_ashenzari_chains, statue_in_the_mist_lemuel,
          nicolae_wooded_promenade
D:15:     hangedman_depths_entry_try_elsewhere_first, layout_long_grid,
          serial_shops, shop, serial_park_square2, nicolae_water_bricks,
          grunt_dithmenos_smoke
Temple:   nicolae_temple_figure_zero
Lair:1:   layout_chaotic_city, chequers_serial_rivers_small_3,
          chequers_serial_rivers_micro_d, uniq_erica
Lair:2:   layout_regular_city, beast_lair_carwin_7, grunt_megastairs_3,
          uniq_harold
Lair:3:   layout_big_grid, grunt_megastairs_1
Lair:4:   layout_loops_ring, swamp_mist_pool,
          hellmonk_spider_entry_not_the_bees, lemuel_oklob_altar,
          serial_bayou_shore_a, uniq_snorg
Lair:5:   layout_regular_city, minmay_slime_entry_oklob_open, lemuel_fruit_tree,
          infiniplex_staircase_pool_2
Lair:6:   due_jungle_book, layout_misc_corridors, gauntlet_entry_generic,
          serial_bayou_shore_b
Swamp:1:  layout_basic_swamp, evilmike_swamp_ruin_house_1
Swamp:2:  gammafunk_worm_tunnel, layout_basic_swamp, serial_swamp_ruin,
          evilmike_swamp_ruin_rubble_1, evilmike_swamp_ruin_house_6,
          evilmike_swamp_ruin_house_2, infiniplex_staircase_pool, uniq_kirke,
          uniq_nikola
Swamp:3:  layout_falls_marsh, hangedman_swamp_ruin_hall, swamp_pool3,
          uniq_louise, uniq_aizul
Swamp:4:  swamp, layout_basic_swamp
Spider:1: layout_spider_delve, uniq_donald
Spider:2: layout_cave_pods, drop_trap
Spider:3: layout_spider_delve, uniq_arachne
Spider:4: johnstein_spider_rune_arachne_lair, portal_ice_cave_entry_pillars_four
Orc:1:    layout_diamond_mine, nicolae_shop_overcharged_wands
Orc:2:    st_orc_open, layout_diamond_mine, library_closet,
          nicolae_orc_stony_grotto

Skill      XL: |  1  2  3  4  5  6  7  8  9 10 11 12 13 14 15 16 17 18 |
---------------+-------------------------------------------------------+-----
Dodging        | 3 7 10 12 13 15 20 22 | 22.8
Ice Magic      | 5 6 7 8 13 | 13.1
Stealth        | 4 7 9 10 | 10.9
Throwing       | 6 |  6.0
Polearms       | 1 6 9 14 21 | 21.0
Shields        | 2 5 7 8 9 |  9.2
Armour         | 2 3 |  3.4
Fighting       | 15 | 15.1
Evocations     | 8 9 |  9.1
Spellcasting   | 6 7 |  7.2
Translocations | 5 6 |  6.0
Transmutations | 6 |  6.0
Conjurations   | 2 |  2.4

Action                   |  1- 3 |  4- 6 |  7- 9 | 10-12 | 13-15 | 16-18 || total
-------------------------+-------+-------+-------+-------+-------+-------++-------
Melee: Dagger            |   127 |    28 |       |       |       |       ||   155
       Punch             |     2 |       |     1 |       |       |       ||     3
       Spear             |       |    51 |   181 |    47 |       |       ||   279
       Trident           |       |       |       |   138 |       |       ||   138
       Demon trident     |       |       |       |   315 |  1279 |  1438 ||  3032
       Tailslap          |       |       |       |       |       |    73 ||    73
 Fire: Hunting sling     |    40 |       |       |       |       |       ||    40
Throw: Dart              |       |       |    17 |     2 |     1 |     1 ||    21
       Throwing net      |       |       |       |       |     1 |       ||     1
 Cast: Freeze            |    21 |     4 |    22 |     6 |     2 |       ||    55
       Frozen Ramparts   |     2 |     4 |    18 |    30 |    36 |    19 ||   109
       Ozocubu's Armour  |       |       |    14 |    34 |    29 |    29 ||   106
       Blink             |       |       |       |       |     1 |     3 ||     4
Invok: Curse Item        |       |       |     3 |     3 |     4 |     2 ||    12
       Shatter the Chain |       |       |       |     2 |     3 |     1 ||     6
Evoke: Wand              |       |     1 |     4 |    13 |     4 |    10 ||    32
       Phial of floods   |       |       |       |       |     2 |     1 ||     3
       Tin of tremorston |       |       |       |       |       |     6 ||     6
       Box of beasts     |       |       |       |       |       |     2 ||     2
  Use: Scroll            |     3 |     1 |     6 |    12 |     5 |     7 ||    34
       Potion            |       |     1 |     3 |     5 |       |    16 ||    25
 Stab: Sleeping          |     2 |     8 |    18 |    13 |    31 |    38 ||   110
       Distracted        |       |       |       |     8 |     6 |    13 ||    27
       Paralysed         |       |       |       |    16 |       |       ||    16
       Held in net/web   |       |       |       |       |     1 |       ||     1
       Petrified         |       |       |       |       |       |     2 ||     2
       Petrifying        |       |       |       |       |       |     1 ||     1
       Confused          |       |       |       |       |       |     2 ||     2
Armor: Robe              |    11 |     9 |    24 |    10 |       |       ||    54
       Troll leather arm |       |       |       |    44 |   166 |   221 ||   431
Dodge: Dodged            |    32 |    33 |   141 |   206 |   564 |  1053 ||  2029
Block: Buckler           |       |       |       |    84 |   422 |   665 ||  1171
       Reflection        |       |       |       |       |     9 |    19 ||    28

Table legend: (Time is in decaauts)
 A = Elapsed time spent in this place.
 B = Non-inter-level travel time spent in this place.
 C = Inter-level travel time spent in this place.
 D = Time resting spent in this place.
 E = Time spent auto-exploring this place.
 F = Levels seen in this place.
 G = Mean time per level.
                   A        B        C        D        E       F      G
               +--------+--------+--------+--------+--------+-----+--------+
         Total |  28504 |  26396 |   2108 |   3486 |  14483 |  36 |  791.8 |
       Dungeon |  14856 |  13945 |    911 |   2046 |   8035 |  15 |  990.4 |
        Temple |    125 |    115 |     10 |      0 |    113 |   1 |  125.0 |
          Lair |   5502 |   4645 |    857 |    300 |   2843 |   6 |  917.0 |
         Swamp |   2324 |   2176 |    148 |    315 |    966 |   4 |  581.0 |
   Spider Nest |   2831 |   2775 |     56 |    300 |   1504 |   4 |  707.8 |
  Orcish Mines |   1385 |   1261 |    124 |      6 |    855 |   2 |  692.5 |
         Sewer |    425 |    425 |      0 |    172 |     56 |   1 |  425.0 |
        Bailey |    496 |    496 |      0 |    194 |    101 |   1 |  496.0 |
      Ice Cave |    233 |    233 |      0 |    152 |      0 |   1 |  233.0 |
      Gauntlet |    322 |    322 |      0 |      0 |      8 |   1 |  322.0 |
               +--------+--------+--------+--------+--------+-----+--------+

Top non-repeatable levels by time:
     D:6: 1322 daAuts
     D:4: 1284 daAuts
  Lair:1: 1139 daAuts
     D:2: 1125 daAuts
    D:14: 1123 daAuts
     D:8: 1098 daAuts
    D:10: 1090 daAuts
  Lair:2: 1056 daAuts
     D:1: 1051 daAuts
     D:7: 1017 daAuts
Spider:3: 1013 daAuts
    D:13: 955 daAuts
Spider:2: 902 daAuts
  Lair:3: 899 daAuts
    D:11: 879 daAuts
